 Dungeon Crawl Stone Soup version 0.32-a0-589-g2d1f746d5d (webtiles) character file.

Game seed: 15699292493433411587

53 ipx the Chopper (level 3, -5/31 HPs)
             Began as a Mountain Dwarf Fighter on Mar 2, 2024.
             Killed from afar by an orc wizard (7 damage)
             ... with a magic dart
             ... on level 3 of the Dungeon.
             The game lasted 00:05:31 (468 turns).

ipx the Chopper (Mountain Dwarf Fighter)             Turns: 468, Time: 00:05:31

Health: -5/31      AC:  6    Str: 20    XL:     3   Next: 64%
Magic:  3/3        EV:  9    Int:  8    God:
Gold:   57         SH:  0    Dex:  9    Spells: 2/2 levels left

rFire   . . .        f - +0 broad axe
rCold   . . .        c - +0 buckler
rNeg    . . .        b - +0 scale mail
rPois   .            (no helmet)
rElec   .            (no cloak)
rCorr   .            (no gloves)
SInv    .            (no boots)
Will    .....        (no amulet) Stlth
                     (no ring)
HPRegen 0.25/turn    (no ring)
MPRegen 0.08/turn

%: no passive effects
@: confused, mighty
A: runic magic, artefact enchanting
a: Convert to Beogh


You were on level 3 of the Dungeon.
You visited 1 branch of the dungeon, and saw 3 of its levels.

You collected 57 gold pieces.

Inventory:

Hand Weapons
 a - a +0 war axe
 f - a +0 broad axe (weapon)
Armour
 b - a +0 scale mail (worn)
 c - a +0 buckler (worn)
Scrolls
 e - a scroll of amnesia {unknown}


   Skills:
 - Level 3.2 Fighting
 + Level 4.9 Axes
 - Level 3.2 Armour
 - Level 3.2 Shields


You had 2 spell levels left.
You didn't know any spells.
Your spell library was empty.

Dungeon Overview and Level Annotations

Branches:
Dungeon (3/15)

Altars:


Innate Abilities, Weirdness & Mutations

Your spellcasting is much less encumbered by armour.
You can use scrolls of enchantment on lesser artefacts.


Message History

Things that are here:
a +0 dagger; a goblin corpse The orc shouts!
You slash the kobold!
You kill the kobold!
You slice the orc!!
You kill the orc!
Something hits you.
You barely miss something. Something hits you but does no damage.
You closely miss something.
The orc priest shouts!
Something hits you but does no damage.
You miss something. Something hits you.
The orc priest invokes the aid of Beogh against you.
Beogh smites you!
The orc priest shouts, "Beogh offers mercy even to people such as you.
Join us and be reborn!" (press Y on the ability menu to convert to Beogh)
You closely miss something. You block something's attack.
The orc priest miscasts a cantrip.
Something hits you but does no damage.
You closely miss something. Something hits you.
You miss something. You block something's attack.
Something hits you but does no damage.
You closely miss something. Something hits you but does no damage.
You barely miss something.
You hear some strange, mumbled words.
You are confused.
The orc priest shouts, "Beogh offers mercy even to people such as you.
Join us and be reborn!"
You aren't carrying any potions.
You miss something.
You hear the slow rusting of a very distant drain.
Something hits you. Something hits you but does no damage.
The orc priest invokes the aid of Beogh against you.
Beogh smites you!
* * * LOW HITPOINT WARNING * * *
You bump into the rock wall.
You hear some strange, mumbled words.
A magic dart appears from out of thin air!
The magic dart hits you!
You die...

.....................
...........<....####
.......$.....##.#
###.....^........
#.......########
..#####./.........
......ooo......#...
###.##{##.#....... #
#@##.##...... #.##.#
....o. #.##.. ..#.o.
#.#### .... #.# #..
#.. ... ....


You could see an orc priest and 2 orcs.

Vanquished Creatures
  2 adders
  A ribbon worm (D:2)
  An orc (D:3)
  3 ball pythons (D:1)
  5 bats
  3 endoplasms (D:1)
  4 hobgoblins
  3 jackals (D:1)
  A kobold (D:3)
  A quokka (D:1)
  4 goblins
  A rat (D:1)
29 creatures vanquished.

Notes
Turn   | Place    | Note
-------+----------+-------------------------------------------
     0 | D:1      | ipx the Mountain Dwarf Fighter began the quest for the Orb.
     0 | D:1      | Reached XP level 1. HP: 19/19 MP: 1/1
    13 | D:1      | Reached skill level 3 in Axes
   146 | D:1      | Reached XP level 2. HP: 26/26 MP: 2/2
   228 | D:1      | Reached skill level 4 in Axes
   373 | D:2      | Reached XP level 3. HP: 30/31 MP: 3/3
   426 | D:3      | Found a faded altar of an unknown god.
   467 | D:3      | HP: 1/31 [orc priest/divine providence (14)]
   468 | D:3      | Killed from afar by an orc wizard

Illustrated notes

Levels and vault maps discovered:
D:1:      minmay_arrival_radiant_lines, layout_basic
D:2:      layout_loops_corners
D:3:      cheibrodos_pilgrimage, layout_loops_ring,
          nicolae_wu_jian_immortal_techniques, portal_sewer_entry_e,
          hellmonk_ecumenical_altar_pennies_from_heaven

Skill      XL: |  1  2 |
---------------+-------+-----
Axes           | 3 4 |  4.9
Fighting       | |  3.2
Armour         | |  3.2
Shields        | |  3.2

Action                     || total
---------------------------++-------
  Melee: War axe           ||    84
         Broad axe         ||    17
    Use: Potion            ||     1
 Armour: Scale mail        ||    98
  Dodge: Dodged            ||    57
  Block: Buckler           ||    20

Table legend: (Time is in decaauts)
 A = Elapsed time spent in this place.
 B = Non-inter-level travel time spent in this place.
 C = Inter-level travel time spent in this place.
 D = Time resting spent in this place.
 E = Time spent auto-exploring this place.
 F = Levels seen in this place.
 G = Mean time per level.
                   A        B        C        D        E       F      G
               +--------+--------+--------+--------+--------+-----+--------+
         Total |    504 |    504 |      0 |      0 |      0 |   3 |  168.0 |
       Dungeon |    504 |    504 |      0 |      0 |      0 |   3 |  168.0 |
               +--------+--------+--------+--------+--------+-----+--------+

Top non-repeatable levels by time:
     D:1: 314 daAuts
     D:2: 140 daAuts
     D:3: 50 daAuts
